 Dungeon Crawl Stone Soup version 0.22-a0-469-gf26638a (webtiles) character file.

115 CougarLife the Chopper (level 4, -2/33 HPs)
             Began as a Demonspawn Gladiator on June 12, 2018.
             Killed from afar by Sigmund (7 damage)
             ... with a magic dart
             ... on level 3 of the Dungeon.
             The game lasted 00:04:46 (2446 turns).

CougarLife the Chopper (Demonspawn Gladiator)       Turns: 2446, Time: 00:04:47

Health: -2/33      AC:  7    Str: 13 (14) XL:     4   Next: 68%
Magic:  4/4        EV: 13    Int:  6 (9)  God:
Gold:   125        SH:  0    Dex: 16      Spells: 3/3 levels left

rFire    . . .     SeeInvis .   a - +0 war axe
rCold    . . .     Gourm    .   (no shield)
rNeg     . . .     Faith    .   b - +0 leather armour
rPois    .         Spirit   .   c - +0 helmet
rElec    .         Reflect  .   (no cloak)
rCorr    .         Harm     .   (no gloves)
MR       .....                  (no boots)
Stlth    ++........             (no amulet)
HPRegen  0.11/turn              (no ring)
MPRegen  0.09/turn              (no ring)

@: no status effects
A: thin metallic scales 2, nightstalker 1
a: no special abilities


You were on level 3 of the Dungeon.
You were not hungry.

You visited 1 branch of the dungeon, and saw 3 of its levels.

You collected 125 gold pieces.

Inventory:

Hand Weapons
 a - a +0 war axe (weapon)
Armour
 b - a +0 leather armour (worn)
 c - a +0 helmet (worn)
Jewellery
 i - an uncursed ring of poison resistance {unknown}
 l - a cursed ring of loudness {unknown}
 m - a cursed amulet of inaccuracy {unknown}
Wands
 p - a wand of iceblast (6)
Scrolls
 e - a scroll of identify {unknown}
 j - a scroll of fog {unknown}
 n - a scroll of immolation {unknown}
 o - 2 scrolls of teleportation {unknown}
Potions
 h - a potion of degeneration
 k - a potion of cancellation {unknown}
 q - a potion of brilliance {unknown}
Comestibles
 f - 6 rations
 g - a chunk of flesh


   Skills:
 - Level 2.0 Fighting
 + Level 4.7 Axes
 - Level 2.0 Throwing
 - Level 3.0 Dodging


You had 3 spell levels left.
You didn't know any spells.
Your spell library was empty.

Dungeon Overview and Level Annotations

Branches:
Dungeon (3/15)

Altars:
Dithmenos

Annotations:
D:3 Sigmund


Innate Abilities, Weirdness & Mutations

You are mostly covered in thin metallic scales. (AC +3)
You are slightly more attuned to the shadows.


Message History

The adder is heavily wounded.
The adder barely misses you. Something hits you but does no damage.
The adder barely misses you.
You slash the adder!
You kill the adder!
Something hits you. Something hits you!
Throwing (i - inventory)
d - 3 throwing nets (quivered)
Press: ? - help, Shift-Dir - straight line You throw a throwing net.
Throwing (i - inventory)
d - 2 throwing nets (quivered)
Press: ? - help, Shift-Dir - straight line You throw a throwing net.
Something hits you but does no damage.
Throwing (i - inventory)
d - a throwing net (quivered)
Press: ? - help, Shift-Dir - straight line You throw a throwing net.
Something hits you!
* * * LOW HITPOINT WARNING * * *
A magic dart appears from out of thin air!
The magic dart hits you!
You die...

#.# ##+## ######.####
##...##
#.%......(###.....##
......†##.##......)##
#......†##.#.<.......#
#..........+.......).'
#......##.#.....(..>#
##.##.###.##.......##
#..@.....###.....##
#.######## ##...## #
##+##


There were no monsters in sight!

Vanquished Creatures
  Jessica (D:3)
  4 adders
  An ooze (D:1)
  A dart slug (D:1)
  2 leopard geckos (D:2)
  3 orcs (D:3)
  3 giant cockroaches
  5 goblins
  6 hobgoblins
  3 jackals (D:1)
  2 ball pythons (D:1)
  2 bats
  3 frilled lizards
  3 kobolds (D:2)
  3 rats
42 creatures vanquished.

Notes
Turn   | Place    | Note
-------+----------+-------------------------------------------
     0 | D:1      | CougarLife the Demonspawn Gladiator began the quest for the Orb.
     0 | D:1      | Reached XP level 1. HP: 16/16 MP: 1/1
   147 | D:1      | Gained mutation: You are slightly more attuned to the shadows. [demonic ancestry]
   147 | D:1      | Reached XP level 2. HP: 13/22 MP: 2/2
   301 | D:1      | Reached skill level 3 in Axes
  1160 | D:2      | Gained mutation: You are partially covered in thin metallic scales. (AC +2) [demonic ancestry]
  1160 | D:2      | Reached XP level 3. HP: 26/27 MP: 3/3
  1492 | D:2      | Reached skill level 4 in Axes
  1665 | D:2      | Found a shadowy altar of Dithmenos.
  2073 | D:3      | Gained mutation: You are mostly covered in thin metallic scales. (AC +3) [demonic ancestry]
  2073 | D:3      | Reached XP level 4. HP: 19/33 MP: 4/4
  2221 | D:3      | Noticed Jessica
  2224 | D:3      | Killed Jessica
  2419 | D:3      | Noticed Sigmund
  2446 | D:3      | Killed from afar by Sigmund

Vault maps used:
D:1:      enne_arrival_octagon_isle
D:2:      nicolae_dithmenos_shadow_blocks
D:3:      uniq_sigmund, uniq_jessica, uniq_terence

Skill      XL: |  1  2  3 |
---------------+----------+-----
Dodging        | 3 |  3.0
Throwing       | 2 |  2.0
Axes           | 3 4 |  4.7
Fighting       | |  2.0

Action                   |  1- 3 |  4- 6 || total
-------------------------+-------+-------++-------
Melee: War axe           |   111 |    22 ||   133
Throw: Throwing net      |       |     3 ||     3
  Use: Potion            |     5 |       ||     5
 Stab: Sleeping          |     2 |       ||     2
  Eat: Chunk             |     4 |     1 ||     5
Armor: Leather armour    |    42 |    11 ||    53
Dodge: Dodged            |   105 |    26 ||   131

Table legend:
 A = Spawn XP
 B = Non-spawn XP
 C = Spawn XP percentage of total XP
 D = Spawn monster count
 E = Non-spawn monster count
 F = Spawn count percentage of total count
 G = Total turns spent on level
                    A         B        C        D         E        F      G
               +---------+---------+-------+---------+---------+-------+---------
         Total |       0 |     165 |   0.0 |       0 |      42 |   0.0 |  2446
               +---------+---------+-------+---------+---------+-------+---------
           D:1 |       0 |      39 |   0.0 |       0 |      18 |   0.0 |  1021
           D:2 |       0 |      51 |   0.0 |       0 |      16 |   0.0 |  1037
           D:3 |       0 |      75 |   0.0 |       0 |       8 |   0.0 |   388
               +---------+---------+-------+---------+---------+-------+---------
